Map: Odyssey LE

Players

FoxeR

  • Race: Terran Terran
  • League: Master
  • Spawn Location: 11:00

A.I. 1 (Very Easy) - Winner!

  • Race: Protoss Protoss
  • Spawn Location: 5:00

VOD

Have the link to the VOD?

Description

TY SG TvP

Time

  • Played on: June 30, 2017, 2:39 p.m.
  • Length: 8:10
Show
View Real Time Build Order
Export as new Build Order

FoxeR Terran 

Build Orders: Reaper Expand, MMM Bio 

Get SALT Encoding   

  12  0:01  SCV  
  13  0:13  SCV  
  14  0:17  Supply Depot  
  14  0:25  SCV  
  14  0:28  Refinery  
  15  0:39  SCV  
  16  0:45  Barracks  
  16  0:51  SCV  
  17  1:03  SCV  
  18  1:15  SCV  
  19  1:32  Orbital Command, Reaper  
  20  1:44  Command Center  
  20  1:55  Factory  
  20  1:58  SCV  
  21  2:05  Barracks Reactor  
  21  2:10  SCV  
  21  2:13  Supply Depot  
  22  2:18  Refinery  
  22  2:24  SCV  
  23  2:36  SCV  
  24  2:42  Marine x2  
  24  2:43  Starport  
  26  2:45  Hellion  
  26  2:50  SCV  
  29  2:57  Orbital Command  
  29  3:01  Marine  
  29  3:04  Marine  
  31  3:06  SCV  
  31  3:10  Widow Mine  
  34  3:18  Marine, SCV  
  36  3:21  Marine  
  36  3:23  SCV  
  38  3:27  Viking  
  38  3:31  SCV  
  41  3:35  SCV  
  41  3:37  Supply Depot  
  42  3:43  Marine  
  42  3:44  Marine, SCV  
  45  3:50  Supply Depot  
  45  3:52  SCV  
  46  3:58  Widow Mine, SCV  
  49  4:04  SCV  
  49  4:06  Marine x2, Starport Tech Lab  
  52  4:10  Barracks  
  52  4:11  Barracks  
  52  4:13  SCV  
  52  4:16  SCV  
  54  4:19  Supply Depot  
  54  4:24  Marine  
  55  4:25  SCV  
  55  4:29  SCV  
  57  4:33  Marine  
  57  4:34  Factory Tech Lab  
  57  4:37  SCV  
  59  4:41  SCV, Starport Reactor  
  59  4:45  Engineering Bay  
  60  4:47  Marine  
  60  4:48  Supply Depot  
  60  4:49  SCV  
  60  4:51  Marine  
  63  4:53  SCV  
  64  5:01  SCV  
  64  5:04  Factory Reactor, Stimpack, Combat Shields  
  64  5:05  Marine, SCV  
  69  5:09  Marauder  
  69  5:10  Marauder  
  69  5:11  Terran Infantry Weapons Level 1  
  69  5:13  SCV, Supply Depot  
  72  5:16  Refinery  
  72  5:18  SCV  
  72  5:19  Medivac  
  72  5:20  Medivac  
  77  5:25  SCV  
  77  5:27  Supply Depot  
  78  5:35  Marine x2, SCV  
  81  5:37  SCV  
  81  5:40  Barracks  
  81  5:41  Barracks  
  82  5:46  Refinery  
  82  5:47  SCV  
  82  5:49  Factory Reactor, Marauder x2, Supply Depot  
  87  5:52  Medivac  
  89  6:03  Marine x2  
  91  6:04  Supply Depot, Medivac  
  91  6:09  Marine  
  91  6:10  Marine  
  95  6:18  Command Center  
  95  6:22  Marine x2  
  97  6:28  Marauder x2  
  97  6:31  Barracks Tech Lab  
  97  6:32  Widow Mine x2  
  105  6:33  Medivac  
  105  6:34  Medivac  
  109  6:43  Supply Depot x2  
  109  6:49  Marine x3, Marauder  
  109  6:50  Marauder  
  109  6:53  Marauder  
  118  7:02  Concussive Shells  
  118  7:04  Marine  
  118  7:05  SCV x2  
  121  7:10  Marine  
  121  7:11  Marine, Widow Mine x2, Marauder x2  
  121  7:13  Medivac  
  133  7:30  Marauder, Medivac  
  133  7:35  Marine, Marauder  
  133  7:36  Marine x2  
  144  7:37  Marauder  
  144  7:41  Supply Depot x2  
  144  7:44  Marine  
  144  7:49  SCV  
  146  7:51  SCV  
  149  7:59  Supply Depot  
  149  8:00  Supply Depot  
Show
View Real Time Build Order
Export as new Build Order

A.I. 1 (Very Easy) Protoss - Winner!

Build Orders:  

Get SALT Encoding   

  12  0:01  Probe (Chrono Boost)  
  13  0:11  Probe (Chrono Boost)  
  14  0:20  Pylon  
  14  0:36  Assimilator  
  14  0:43  Gateway  
  14  0:47  Pylon  
  14  1:14  Assimilator  
  14  1:27  Probe (Chrono Boost)  
  14  1:30  Zealot  
  15  1:33  Cybernetics Core  
  15  1:38  Probe (Chrono Boost)  
  18  1:49  Probe (Chrono Boost)  
  19  1:58  Warp Gate  
  19  2:00  Probe (Chrono Boost)  
  20  2:12  Probe (Chrono Boost)  
  22  2:23  Probe (Chrono Boost)  
  22  2:40  Stalker  
  24  4:28  Probe (Chrono Boost)  
  24  7:06  Adept  
  24  7:07  Probe (Chrono Boost)  
  27  7:09  Pylon  
  27  7:11  Robotics Facility  
  27  7:17  Nexus  
  27  7:19  Probe (Chrono Boost)  
  24  7:29  Probe (Chrono Boost)  
  25  7:40  Probe (Chrono Boost)  
  26  8:05  Zealot  
Tags
 
Composition
MMM Bio
League
Master
Matchup
PvT
Spawn Locations
Cross Positions
Add a new tag
Caveats
  • Supply blocks, unpowered buildings, or Contaminate may cause inaccurate times.
  • Supply counts are checked every 10 seconds.